 Dungeon Crawl Stone Soup version 0.23.0 (webtiles) character file.

Game seed: 10502180799924023892

16658 tidbits the Thaumaturge (level 12, -13/94 HPs)
             Began as a Gnoll Skald on Feb 14, 2019.
             Was a High Priest of Cheibriados.
             Mangled by a faun
             ... wielding a +3 spear
             ... led by a satyr
              (27 damage)
             ... on level 2 of the Shoals.
             The game lasted 00:43:04 (3191 turns).

tidbits the Thaumaturge (Gnoll Skald)               Turns: 3191, Time: 00:43:05

Health: -13/94     AC: 13    Str: 32    XL:     12   Next: 39%
Magic:  20/27      EV: 25    Int: 31    God:    Cheibriados [*****.]
Gold:   467        SH:  4    Dex: 30    Spells: 8/28 levels left

rFire    . . .     SeeInvis .   W - +0 broad axe (chop)
rCold    . . .     Gourm    .   (no shield)
rNeg     . . .     Faith    .   B - +0 swamp dragon scales
rPois    +         Spirit   .   E - +1 helmet
rElec    +         Reflect  .   C - +2 cloak (curse)
rCorr    .         Harm     .   (no gloves)
MR       .....                  F - +1 pair of boots of the Poles {*Corrode rElec Str+6}
Stlth    ++++......             u - amulet of magic regeneration
HPRegen  0.65/turn              h - +5 ring of evasion
MPRegen  0.45/turn              J - +2 ring of dexterity

@: corroded, very slow
A: distributed training, fangs 1, large bone plates 1, high mp 1, regeneration
1, strong nose
a: Bend Time, Temporal Distortion, Slouch, Step From Time, Renounce Religion


You were on level 2 of the Shoals.
You worshipped Cheibriados.
Cheibriados was extremely pleased with you.
You were very full.

You visited 4 branches of the dungeon, and saw 18 of its levels.
You also visited: Bailey.

You collected 467 gold pieces.

Inventory:

Hand Weapons
 a - a +4 glaive
 b - a +2 trident of protection
   (You took it off a merfolk impaler on level 2 of the Shoals)
 j - a +4 scimitar of flaming
   (You took it off Erica on level 9 of the Dungeon)
 p - a +1 dagger of venom
   (You took it off a kobold on level 3 of the Dungeon)
 q - a +0 blowgun
 D - a +2 shortbow of freezing
   (You took it off a centaur on level 7 of the Dungeon)
 P - a +3 hand axe of freezing
   (You took it off a wight on level 9 of the Dungeon)
 T - the +9 staff of Olgreb {rPois}
   (You found it on level 9 of the Dungeon)

   It protects you from poison.
 W - a +0 broad axe of chopping (weapon)
   (You found it on level 1 of the Lair of Beasts)
 Y - the cursed +0 quarterstaff of Righteous Anger {antimagic, rC++, unknown}
   (You found it on level 1 of the Lair of Beasts)

   It reduces the magical energy of the wielder, and disrupts the spells and
   magical abilities of those hit.
   Natural abilities and divine invocations are not affected.
   It greatly protects you from cold.
   It has a curse placed upon it.
Missiles
 G - 149 arrows
 N - 4 needles of confusion
 R - 2 tomahawks (quivered)
Armour
 B - +0 swamp dragon scales (worn)
 C - a cursed +2 cloak (worn)
 E - a +1 helmet (worn)
 F - the +1 pair of boots of the Poles (worn) {*Corrode rElec Str+6}
   (You found it on level 6 of the Dungeon)

   It affects your strength (+6).
   It insulates you from electricity.
   It may corrode you when you take damage.
Magical Staves
 Z - an uncursed staff of summoning
   (You found it on level 2 of the Lair of Beasts)
Jewellery
 h - a +5 ring of evasion (left hand)
   (You found it on level 2 of the Dungeon)
 u - an amulet of magic regeneration (around neck)
   (You found it on level 5 of the Dungeon)
 v - an uncursed ring of fire
   (You found it on level 5 of the Dungeon)
 w - an uncursed ring of poison resistance
   (You found it on level 5 of the Dungeon)
 A - an uncursed ring of see invisible
   (You found it on level 6 of the Dungeon)
 J - a +2 ring of dexterity (right hand)
   (You found it on level 8 of the Dungeon)
Wands
 z - a wand of flame (36)
 I - a wand of polymorph (2)
Scrolls
 g - 2 scrolls of fear
 i - 3 scrolls of magic mapping
 r - 5 scrolls of remove curse
 t - a scroll of teleportation
 x - 5 scrolls of enchant weapon
 H - 3 scrolls of amnesia {unknown}
 K - 2 scrolls of blinking {unknown}
 L - a scroll of holy word
 Q - 3 scrolls of summoning
 X - a scroll of random uselessness {unknown}
Potions
 e - a potion of flight {unknown}
 f - 3 potions of might
 k - 2 potions of brilliance
 l - 2 potions of agility
 o - 6 potions of heal wounds
 s - 8 potions of curing
 M - 2 potions of berserk rage {unknown}
 U - 2 potions of ambrosia {unknown}
 V - 3 potions of degeneration {unknown}
Comestibles
 d - 16 rations


   Skills:
 + Level 8.5 Fighting
 + Level 7.1 Short Blades
 + Level 7.1 Long Blades
 + Level 7.1 Axes
 + Level 7.1 Maces & Flails
 + Level 8.5 Polearms
 + Level 7.1 Staves
 + Level 7.1 Slings
 + Level 7.1 Bows
 + Level 7.1 Crossbows
 + Level 7.1 Throwing
 + Level 7.6 Armour
 + Level 8.5 Dodging
 + Level 7.1 Stealth
 + Level 7.1 Shields
 + Level 7.1 Unarmed Combat
 + Level 8.8 Spellcasting
 + Level 5.9 Conjurations
 + Level 5.9 Hexes
 + Level 8.1 Charms
 + Level 5.9 Summonings
 + Level 5.9 Necromancy
 + Level 5.9 Translocations
 + Level 5.9 Transmutations
 + Level 5.9 Fire Magic
 + Level 5.9 Ice Magic
 + Level 5.9 Air Magic
 + Level 5.9 Earth Magic
 + Level 5.9 Poison Magic
 + Level 7.8 Invocations
 + Level 7.1 Evocations


You had 8 spell levels left.
You knew the following spells:

 Your Spells              Type           Power        Failure   Level  Hunger
b - Blink                 Tloc           N/A          1%          2    None
c - Conjure Flame         Conj/Fire      ######..     1%          3    None
g - Shroud of Golubria    Chrm/Tloc      ######....   1%          2    None
i - Infusion              Chrm           ####         1%          1    None
m - Mephitic Cloud        Conj/Pois/Air  ######..     1%          3    None
r - Regeneration          Chrm/Necr      ######....   1%          3    None
w - Spectral Weapon       Hex/Chrm       ######..     1%          3    None
y - Song of Slaying       Chrm           ######..     1%          2    None
A - Apportation           Tloc           ######       1%          1    None

Your spell library contained the following spells:

 Spells                   Type           Power        Failure   Level  Hunger
 Magic Dart               Conj           ####         1%          1    None
 Summon Butterflies       Summ           ######..     1%          1    None
 Call Imp                 Summ           ######..     1%          2    None
 Slow                     Hex            ######..     1%          2    None
 Lesser Beckoning         Tloc           ######....   1%          3    None
 Tukima's Dance           Hex            ######..     1%          3    None
 Alistair's Intoxication  Tmut/Pois      ######..     12%         5    ####...
 Invisibility             Hex            ######..     54%         6    #####..


Dungeon Overview and Level Annotations

Branches:
Dungeon (10/15)            Temple (1/1) D:7            Lair (4/6) D:8
 Shoals (3/4) Lair:3
  Snake: Lair:2-4    Spider: Lair:2-4       Orc: D:9-12

Altars:
Cheibriados
Fedhas
Gozag
Hepliaklqana
Kikubaaqudgha
Qazlal
Trog
Uskayaw
Vehumet
Wu Jian
Xom
Zin

Annotations:
D:9 1 runed translucent door


Innate Abilities, Weirdness & Mutations

Your experience applies equally to all skills.
You have very sharp teeth.
Your uncanny sense of smell can sniff out nearby items.
You are partially covered in large bone plates. (SH +4)
You have an increased reservoir of magic. (+10% MP)
Your natural rate of healing is unusually fast.


Message History

Press: ? - help, Shift-Dir - straight line, f - satyr, p - faun
Aim: a satyr, wielding a +0 longbow (heavily wounded, inspiring fear)
Okay, then.
Casting: Mephitic Cloud (safe; 1% risk of failure)
Confirm with . or Enter, or press ? or * to list all spells.
You don't know that spell.
Casting: Mephitic Cloud (safe; 1% risk of failure)
Confirm with . or Enter, or press ? or * to list all spells.
Aiming: Mephitic Cloud (safe; 1% risk of failure)
Press: ? - help, Shift-Dir - straight line, f - satyr, p - faun
Aim: a satyr, wielding a +0 longbow (heavily wounded, inspiring fear)
The ball explodes into a vile cloud!
The stinking cloud engulfs the satyr but does no damage.
The satyr is heavily wounded.
The stinking cloud engulfs the faun but does no damage. x2
The stinking cloud engulfs the plant but does no damage.
The plant is severely damaged.
The faun unwields a +0 hunting sling.
The faun wields a +0 club.
The faun misses your spectral weapon.
The faun is engulfed in noxious fumes.
The faun appears confused.
Unknown command.
Attack whom?
Press: ? - help, Dir - move target cursor, f - faun, p - satyr
Aim: a faun, wielding a +0 club You could not reach far enough!
The satyr is engulfed in noxious fumes.
The satyr appears confused.
The faun is engulfed in noxious fumes.
The faun appears confused.
The faun unwields a +0 club.
The faun wields a +0 hunting sling.
The faun shoots a sling bullet.
The sling bullet barely misses your spectral weapon.
The sling bullet misses you.
You hear a splash.
Something hits the plant!!
The plant is destroyed!
The faun is engulfed in noxious fumes.
Unknown command.
Attack whom?
Press: ? - help, Dir - move target cursor, f/p - faun
Aim: a faun, wielding a +0 hunting sling You could not reach far enough!
The faun is engulfed in noxious fumes.
The faun hits something with a +0 spear!
The faun hits itself with a +0 spear.
The satyr is engulfed in noxious fumes.
The satyr appears confused.
The faun unwields a +0 hunting sling.
The faun wields a +3 spear.
The faun completely misses you.
The faun shoots a sling bullet.
The sling bullet hits your spectral weapon!
Your spectral weapon fades away.
The satyr is engulfed in noxious fumes.
The faun points at you and mumbles some strange words.
You resist with significant effort.
The faun shouts!
You hit the satyr but do no damage. Your bite misses the satyr.
The satyr is heavily wounded.
The faun seems less confused.
The faun is engulfed in noxious fumes.
The faun completely misses you.
The faun is engulfed in noxious fumes.
The faun appears confused.
The faun hits the satyr with a +0 spear.
The faun hits you but does no damage.
The satyr is engulfed in noxious fumes.
The satyr appears confused.
The satyr unwields a +0 longbow.
The satyr wields a +0 club.
Your shroud bends the satyr's attack away.
Unknown command.
Wield which item (- for none, * to show all)? (? for menu, Esc to quit)
W - a +0 broad axe of chopping (weapon)
Your shroud unravels.
The faun unwields a +0 hunting sling.
The faun wields a +0 club.
The faun closely misses you. The faun hits you with a +3 spear!!
Unknown command.
Casting: Mephitic Cloud (safe; 1% risk of failure)
Confirm with . or Enter, or press ? or * to list all spells.
You draw out your weapon's spirit!
The faun hits the satyr with a +0 spear!!
The faun is engulfed in noxious fumes.
The faun hits you from afar with a +0 spear.
The faun hits you from afar with a +0 spear!!
* * * LOW HITPOINT WARNING * * *
The satyr is engulfed in noxious fumes.
The satyr barely misses you. The faun hits you with a +3 spear!
* * * LOW HITPOINT WARNING * * *
The faun hits you with a +0 club.
* * * LOW HITPOINT WARNING * * *
Unknown command.
You feel much better.
The faun is engulfed in noxious fumes.
The faun hits you from afar with a +0 spear.
* * * LOW HITPOINT WARNING * * *
The faun splashes around in the water.
The satyr is engulfed in noxious fumes.
The faun hits you with a +3 spear!!
* * * LOW HITPOINT WARNING * * *
The faun hits the satyr with a +0 spear!!
The satyr is killed!
Cheibriados thoroughly appreciates the change of pace.
Unknown command.
Really harm near your spectral weapon?
You can feel time thicken for a moment.
Your spectral weapon fades away.
You feel somewhat less full.
Cheibriados lowers the support of your attributes as your movement quickens.
The faun is engulfed in noxious fumes.
The faun barely misses you. The faun completely misses you.
The faun barely misses you. The faun hits you with a +3 spear!!
You die...

#.≈≈≈≈)##..≈.≈≈≈≈≈≈≈
..≈≈≈≈≈≈.....≈≈≈≈≈≈≈≈
≈≈≈≈≈≈≈..[≈..≈≈≈≈≈≈≈≈
≈≈≈≈≈≈≈≈≈≈>.≈((≈≈.≈≈≈
≈≈≈≈≈≈≈≈≈≈≈≈≈≈≈(≈≈≈≈≈
≈≈≈≈≈≈≈≈≈≈≈≈≈≈(≈≈≈(≈≈
≈≈≈≈≈≈≈≈≈≈≈≈≈(≈≈≈≈≈≈≈
≈≈≈≈≈≈≈≈≈≈≈≈c..≈≈≈≈≈≈
≈≈≈≈≈≈P≈P≈c.@(≈≈PP≈P
≈≈≈≈≈≈≈≈≈)#c≈≈≈≈.≈P
≈≈P≈≈≈Pc.#)c≈≈≈..≈
≈≈≈P≈≈c...≈≈≈PPPP
≈P≈≈.c≈..≈≈PPP≈≈
≈≈≈≈≈≈≈≈≈≈≈≈≈PP ≈≈≈≈
≈≈≈≈≈≈P≈≈≈
≈≈≈≈P≈≈≈≈≈≈


You could see 5 fauns.

Vanquished Creatures
  A merfolk impaler (Shoals:2)
  A hydra (Lair:3)
  Erica (D:9)
  A satyr (Shoals:2)
  2 sea snakes (Shoals:1)
  4 orc knights (Bailey)
  A faun (Shoals:2)
  2 centaur zombies
  A merfolk siren (Shoals:2)
  2 water nymphs (Shoals:1)
  5 spiny frogs
  A komodo dragon (Lair:3)
  A rime drake (Lair:2)
  A merfolk (Shoals:1)
  2 hippogriffs
  Sigmund (D:4)
  10 yaks
  A basilisk (Lair:2)
  A hungry ghost (D:8)
  A steam dragon (D:8)
  7 soldier ants (D:9)
  3 water moccasins
  A porcupine (Lair:3)
  8 orc warriors (Bailey)
  A sky beast (D:8)
  2 ogres
  5 centaurs
  4 crocodiles
  2 big kobolds (D:8)
  6 bullfrogs
  A scorpion (D:6)
  5 wights (D:9)
  6 killer bees (D:9)
  A howler monkey (D:4)
  An electric eel (Lair:3)
  A lava snake (Lair:2)
  5 jellies
  5 hounds
  2 orc priests (D:7)
  3 orc wizards
  2 iguanas
  Natasha (thrice) (D:3)
  17 worker ants
  A hound skeleton (D:9)
  12 adders
  4 shadow imps
  9 oozes
  An adder skeleton (D:8)
  A worm (D:2)
  A dart slug (D:3)
  3 leopard geckos
  45 orcs
  7 giant cockroaches
  6 goblins
  2 hobgoblins (D:2)
  6 jackals
  2 quokkas (D:7)
  4 bats
  5 frilled lizards
  19 kobolds
  A quokka skeleton (D:7)
  3 rats
  2 spectral weapons
265 creatures vanquished.

Vanquished Creatures (collateral kills)
  A killer bee (D:9)
1 creature vanquished.

Vanquished Creatures (others)
  2 plants (Shoals:2)
  4 spectral weapons
  12 toadstools (D:3)
18 creatures vanquished.

Grand Total: 284 creatures vanquished

Notes
Turn   | Place    | Note
-------+----------+-------------------------------------------
     0 | D:1      | tidbits the Gnoll Skald began the quest for the Orb.
     0 | D:1      | Reached XP level 1. HP: 20/20 MP: 6/6
    41 | D:1      | Reached XP level 2. HP: 18/26 MP: 0/7
    49 | D:1      | Learned a level 2 spell: Song of Slaying
    52 | D:1      | Learned a level 2 spell: Shroud of Golubria
   148 | D:2      | Reached XP level 3. HP: 29/31 MP: 1/9
   154 | D:2      | Learned a level 3 spell: Regeneration
   169 | D:2      | Reached skill level 5 in Spellcasting
   176 | D:2      | Learned a level 3 spell: Spectral Weapon
   385 | D:3      | Noticed Natasha
   392 | D:3      | Killed Natasha
   392 | D:3      | Reached skill level 1 in Short Blades
   392 | D:3      | Reached skill level 1 in Long Blades
   392 | D:3      | Reached skill level 1 in Axes
   392 | D:3      | Reached skill level 1 in Maces & Flails
   392 | D:3      | Reached skill level 1 in Staves
   392 | D:3      | Reached skill level 1 in Slings
   392 | D:3      | Reached skill level 1 in Bows
   392 | D:3      | Reached skill level 1 in Crossbows
   392 | D:3      | Reached skill level 1 in Throwing
   392 | D:3      | Reached skill level 1 in Stealth
   392 | D:3      | Reached skill level 1 in Shields
   392 | D:3      | Reached skill level 1 in Unarmed Combat
   392 | D:3      | Reached skill level 1 in Invocations
   392 | D:3      | Reached skill level 1 in Evocations
   392 | D:3      | Reached XP level 4. HP: 26/38 MP: 3/11
   469 | D:3      | Reached skill level 1 in Conjurations
   469 | D:3      | Reached skill level 1 in Hexes
   469 | D:3      | Reached skill level 1 in Summonings
   469 | D:3      | Reached skill level 1 in Necromancy
   469 | D:3      | Reached skill level 1 in Translocations
   469 | D:3      | Reached skill level 1 in Transmutations
   469 | D:3      | Reached skill level 1 in Fire Magic
   469 | D:3      | Reached skill level 1 in Ice Magic
   469 | D:3      | Reached skill level 1 in Air Magic
   469 | D:3      | Reached skill level 1 in Earth Magic
   469 | D:3      | Reached skill level 1 in Poison Magic
   496 | D:3      | Noticed Natasha
   503 | D:3      | Killed Natasha
   503 | D:3      | Reached XP level 5. HP: 37/43 MP: 0/12
   638 | D:3      | Noticed Natasha
   650 | D:3      | Killed Natasha
   650 | D:3      | Reached skill level 3 in Armour
   692 | D:3      | Reached XP level 6. HP: 29/50 MP: 4/13
   693 | D:3      | Reached skill level 2 in Invocations
   698 | D:3      | HP: 10/50 [acid (9)]
   701 | D:3      | Reached skill level 5 in Fighting
   701 | D:3      | Reached skill level 5 in Polearms
   701 | D:3      | Reached skill level 5 in Dodging
   757 | D:4      | Reached skill level 2 in Short Blades
   757 | D:4      | Reached skill level 2 in Long Blades
   757 | D:4      | Reached skill level 2 in Axes
   757 | D:4      | Reached skill level 2 in Maces & Flails
   757 | D:4      | Reached skill level 2 in Staves
   757 | D:4      | Reached skill level 2 in Slings
   757 | D:4      | Reached skill level 2 in Bows
   757 | D:4      | Reached skill level 2 in Crossbows
   757 | D:4      | Reached skill level 2 in Throwing
   757 | D:4      | Reached skill level 2 in Stealth
   757 | D:4      | Reached skill level 2 in Shields
   757 | D:4      | Reached skill level 2 in Unarmed Combat
   757 | D:4      | Reached skill level 2 in Evocations
   799 | D:4      | Found a glowing silver altar of Zin.
   824 | D:4      | Noticed Sigmund
   836 | D:4      | Reached XP level 7. HP: 34/56 MP: 8/15
   843 | D:4      | Killed Sigmund
   843 | D:4      | Reached skill level 2 in Conjurations
   843 | D:4      | Reached skill level 2 in Hexes
   843 | D:4      | Reached skill level 2 in Summonings
   843 | D:4      | Reached skill level 2 in Necromancy
   843 | D:4      | Reached skill level 2 in Translocations
   843 | D:4      | Reached skill level 2 in Transmutations
   843 | D:4      | Reached skill level 2 in Fire Magic
   843 | D:4      | Reached skill level 2 in Ice Magic
   843 | D:4      | Reached skill level 2 in Air Magic
   843 | D:4      | Reached skill level 2 in Earth Magic
   843 | D:4      | Reached skill level 2 in Poison Magic
   879 | D:5      | Entered Level 5 of the Dungeon
   953 | D:5      | Reached skill level 3 in Invocations
  1024 | D:4      | Reached XP level 8. HP: 58/63 MP: 14/16
  1039 | D:5      | Reached skill level 6 in Charms
  1170 | D:6      | Reached skill level 3 in Short Blades
  1170 | D:6      | Reached skill level 3 in Long Blades
  1170 | D:6      | Reached skill level 3 in Axes
  1170 | D:6      | Reached skill level 3 in Maces & Flails
  1170 | D:6      | Reached skill level 3 in Staves
  1170 | D:6      | Reached skill level 3 in Slings
  1170 | D:6      | Reached skill level 3 in Bows
  1170 | D:6      | Reached skill level 3 in Crossbows
  1170 | D:6      | Reached skill level 3 in Throwing
  1170 | D:6      | Reached skill level 4 in Armour
  1170 | D:6      | Reached skill level 3 in Stealth
  1170 | D:6      | Reached skill level 3 in Shields
  1170 | D:6      | Reached skill level 3 in Unarmed Combat
  1170 | D:6      | Reached skill level 3 in Evocations
  1230 | D:6      | Identified the +1 pair of boots of the Poles {*Corrode
                  | rElec Str+6} (You found it on level 6 of the Dungeon)
  1349 | D:6      | Found an opulent altar of Gozag.
  1382 | D:7      | Reached skill level 6 in Spellcasting
  1411 | D:7      | Found a staircase to the Ecumenical Temple.
  1421 | Temple   | Entered the Ecumenical Temple
  1446 | Temple   | Became a worshipper of Cheibriados the Contemplative
  1641 | D:7      | Gained mutation: You have an increased reservoir of magic.
                  | (+10% MP) [potion of mutation]
  1641 | D:7      | Gained mutation: Your natural rate of healing is unusually
                  | fast. [potion of mutation]
  1641 | D:7      | Gained mutation: You are partially covered in large bone
                  | plates. (SH +4) [potion of mutation]
  1689 | D:8      | Reached skill level 3 in Conjurations
  1689 | D:8      | Reached skill level 3 in Hexes
  1689 | D:8      | Reached skill level 3 in Summonings
  1689 | D:8      | Reached skill level 3 in Necromancy
  1689 | D:8      | Reached skill level 3 in Translocations
  1689 | D:8      | Reached skill level 3 in Transmutations
  1689 | D:8      | Reached skill level 3 in Fire Magic
  1689 | D:8      | Reached skill level 3 in Ice Magic
  1689 | D:8      | Reached skill level 3 in Air Magic
  1689 | D:8      | Reached skill level 3 in Earth Magic
  1689 | D:8      | Reached skill level 3 in Poison Magic
  1689 | D:8      | Reached skill level 4 in Invocations
  1699 | D:8      | Reached XP level 9. HP: 69/69 MP: 20/20
  1703 | D:8      | Reached * piety under Cheibriados
  1705 | D:8      | Reached skill level 6 in Fighting
  1705 | D:8      | Reached skill level 6 in Polearms
  1705 | D:8      | Reached skill level 6 in Dodging
  1739 | D:8      | Reached skill level 4 in Short Blades
  1739 | D:8      | Reached skill level 4 in Long Blades
  1739 | D:8      | Reached skill level 4 in Axes
  1739 | D:8      | Reached skill level 4 in Maces & Flails
  1739 | D:8      | Reached skill level 4 in Staves
  1739 | D:8      | Reached skill level 4 in Slings
  1739 | D:8      | Reached skill level 4 in Bows
  1739 | D:8      | Reached skill level 4 in Crossbows
  1739 | D:8      | Reached skill level 4 in Throwing
  1739 | D:8      | Reached skill level 4 in Stealth
  1739 | D:8      | Reached skill level 4 in Shields
  1739 | D:8      | Reached skill level 4 in Unarmed Combat
  1739 | D:8      | Reached skill level 4 in Evocations
  1748 | D:8      | Found a staircase to the Lair.
  1781 | D:8      | Reached skill level 5 in Armour
  1874 | D:8      | Found a flagged portal.
  1879 | Bailey   | Entered a bailey
  1901 | Bailey   | Reached ** piety under Cheibriados
  1917 | Bailey   | Learned a level 3 spell: Mephitic Cloud
  1921 | Bailey   | Learned a level 3 spell: Conjure Flame
  1987 | Bailey   | Noticed an orc knight
  1997 | Bailey   | Reached skill level 5 in Invocations
  2010 | Bailey   | Killed an orc knight
  2010 | Bailey   | Reached skill level 7 in Spellcasting
  2010 | Bailey   | Reached skill level 4 in Conjurations
  2010 | Bailey   | Reached skill level 4 in Hexes
  2010 | Bailey   | Reached skill level 4 in Summonings
  2010 | Bailey   | Reached skill level 4 in Necromancy
  2010 | Bailey   | Reached skill level 4 in Translocations
  2010 | Bailey   | Reached skill level 4 in Transmutations
  2010 | Bailey   | Reached skill level 4 in Fire Magic
  2010 | Bailey   | Reached skill level 4 in Ice Magic
  2010 | Bailey   | Reached skill level 4 in Air Magic
  2010 | Bailey   | Reached skill level 4 in Earth Magic
  2010 | Bailey   | Reached skill level 4 in Poison Magic
  2010 | Bailey   | Reached XP level 10. HP: 61/77 MP: 8/22
  2029 | Bailey   | Noticed an orc knight
  2042 | Bailey   | Reached *** piety under Cheibriados
  2046 | Bailey   | Noticed an orc knight
  2055 | Bailey   | Killed an orc knight
  2055 | Bailey   | Reached skill level 5 in Short Blades
  2055 | Bailey   | Reached skill level 5 in Long Blades
  2055 | Bailey   | Reached skill level 5 in Axes
  2055 | Bailey   | Reached skill level 5 in Maces & Flails
  2055 | Bailey   | Reached skill level 5 in Staves
  2055 | Bailey   | Reached skill level 5 in Slings
  2055 | Bailey   | Reached skill level 5 in Bows
  2055 | Bailey   | Reached skill level 5 in Crossbows
  2055 | Bailey   | Reached skill level 5 in Throwing
  2055 | Bailey   | Reached skill level 5 in Stealth
  2055 | Bailey   | Reached skill level 5 in Shields
  2055 | Bailey   | Reached skill level 5 in Unarmed Combat
  2055 | Bailey   | Reached skill level 5 in Evocations
  2057 | Bailey   | Noticed an orc knight
  2060 | Bailey   | Killed an orc knight
  2060 | Bailey   | Reached skill level 7 in Charms
  2066 | Bailey   | Killed an orc knight
  2066 | Bailey   | Reached skill level 7 in Fighting
  2066 | Bailey   | Reached skill level 7 in Polearms
  2066 | Bailey   | Reached skill level 7 in Dodging
  2110 | D:8      | Learned a level 2 spell: Blink
  2127 | D:9      | Found a runed translucent gate.
  2128 | D:9      | Found a runed translucent gate.
  2129 | D:9      | Found a runed translucent door.
  2129 | D:9      | Noticed Erica
  2142 | D:9      | Killed Erica
  2142 | D:9      | Reached skill level 6 in Armour
  2147 | D:9      | Reached skill level 6 in Invocations
  2153 | D:9      | Found the +9 staff of Olgreb {rPois}
  2157 | D:9      | Found a runed translucent door.
  2194 | D:10     | Entered Level 10 of the Dungeon
  2255 | D:9      | Reached XP level 11. HP: 84/84 MP: 22/24
  2281 | D:9      | Found a runed translucent gate.
  2325 | D:9      | Reached **** piety under Cheibriados
  2473 | D:8      | Reached skill level 6 in Short Blades
  2473 | D:8      | Reached skill level 6 in Long Blades
  2473 | D:8      | Reached skill level 6 in Axes
  2473 | D:8      | Reached skill level 6 in Maces & Flails
  2473 | D:8      | Reached skill level 6 in Staves
  2473 | D:8      | Reached skill level 6 in Slings
  2473 | D:8      | Reached skill level 6 in Bows
  2473 | D:8      | Reached skill level 6 in Crossbows
  2473 | D:8      | Reached skill level 6 in Throwing
  2473 | D:8      | Reached skill level 6 in Stealth
  2473 | D:8      | Reached skill level 6 in Shields
  2473 | D:8      | Reached skill level 6 in Unarmed Combat
  2473 | D:8      | Reached skill level 6 in Evocations
  2525 | Lair:1   | Entered Level 1 of the Lair of Beasts
  2630 | Lair:2   | Learned a level 1 spell: Apportation
  2643 | Lair:2   | Reached skill level 5 in Conjurations
  2643 | Lair:2   | Reached skill level 5 in Hexes
  2643 | Lair:2   | Reached skill level 5 in Summonings
  2643 | Lair:2   | Reached skill level 5 in Necromancy
  2643 | Lair:2   | Reached skill level 5 in Translocations
  2643 | Lair:2   | Reached skill level 5 in Transmutations
  2643 | Lair:2   | Reached skill level 5 in Fire Magic
  2643 | Lair:2   | Reached skill level 5 in Ice Magic
  2643 | Lair:2   | Reached skill level 5 in Air Magic
  2643 | Lair:2   | Reached skill level 5 in Earth Magic
  2643 | Lair:2   | Reached skill level 5 in Poison Magic
  2673 | Lair:2   | Reached skill level 8 in Spellcasting
  2722 | Lair:1   | Got a slimy quarterstaff
  2760 | Lair:2   | Found a shimmering altar of Xom.
  2800 | Lair:2   | Reached ***** piety under Cheibriados
  2878 | Lair:3   | Noticed a four-headed hydra
  2886 | Lair:3   | Killed a one-headed hydra
  2889 | Lair:3   | Reached skill level 7 in Invocations
  2895 | Lair:3   | Reached skill level 8 in Fighting
  2895 | Lair:3   | Reached skill level 8 in Polearms
  2895 | Lair:3   | Reached skill level 7 in Armour
  2895 | Lair:3   | Reached skill level 8 in Dodging
  3035 | Lair:3   | Found a staircase to the Shoals.
  3065 | Shoals:1 | Entered Level 1 of the Shoals
  3071 | Shoals:1 | Noticed a sea snake
  3083 | Shoals:1 | Killed a sea snake
  3083 | Shoals:1 | Reached XP level 12. HP: 83/93 MP: 21/26
  3119 | Shoals:1 | Reached skill level 8 in Charms
  3148 | Shoals:2 | Noticed a merfolk impaler
  3158 | Shoals:2 | Killed a merfolk impaler
  3158 | Shoals:2 | Reached skill level 7 in Short Blades
  3158 | Shoals:2 | Reached skill level 7 in Long Blades
  3158 | Shoals:2 | Reached skill level 7 in Axes
  3158 | Shoals:2 | Reached skill level 7 in Maces & Flails
  3158 | Shoals:2 | Reached skill level 7 in Staves
  3158 | Shoals:2 | Reached skill level 7 in Slings
  3158 | Shoals:2 | Reached skill level 7 in Bows
  3158 | Shoals:2 | Reached skill level 7 in Crossbows
  3158 | Shoals:2 | Reached skill level 7 in Throwing
  3158 | Shoals:2 | Reached skill level 7 in Stealth
  3158 | Shoals:2 | Reached skill level 7 in Shields
  3158 | Shoals:2 | Reached skill level 7 in Unarmed Combat
  3158 | Shoals:2 | Reached skill level 7 in Evocations
  3171 | Shoals:2 | Noticed a satyr
  3189 | Shoals:2 | HP: 14/94 [faun/+0 club[a satyr] (6)]
  3190 | Shoals:2 | Killed a satyr
  3191 | Shoals:2 | Mangled by a faun

Skill      XL: |  1  2  3  4  5  6  7  8  9 10 11 12 |
---------------+-------------------------------------+-----
Spellcasting   | 5 6 7 8 |  8.8
Short Blades   | 1 2 3 4 5 6 7 |  7.1
Long Blades    | 1 2 3 4 5 6 7 |  7.1
Axes           | 1 2 3 4 5 6 7 |  7.1
Maces & Flails | 1 2 3 4 5 6 7 |  7.1
Staves         | 1 2 3 4 5 6 7 |  7.1
Slings         | 1 2 3 4 5 6 7 |  7.1
Bows           | 1 2 3 4 5 6 7 |  7.1
Crossbows      | 1 2 3 4 5 6 7 |  7.1
Throwing       | 1 2 3 4 5 6 7 |  7.1
Stealth        | 1 2 3 4 5 6 7 |  7.1
Shields        | 1 2 3 4 5 6 7 |  7.1
Unarmed Combat | 1 2 3 4 5 6 7 |  7.1
Invocations    | 1 2 3 4 5 6 7 |  7.8
Evocations     | 1 2 3 4 5 6 7 |  7.1
Conjurations   | 1 2 3 4 5 |  5.9
Hexes          | 1 2 3 4 5 |  5.9
Summonings     | 1 2 3 4 5 |  5.9
Necromancy     | 1 2 3 4 5 |  5.9
Translocations | 1 2 3 4 5 |  5.9
Transmutations | 1 2 3 4 5 |  5.9
Fire Magic     | 1 2 3 4 5 |  5.9
Ice Magic      | 1 2 3 4 5 |  5.9
Air Magic      | 1 2 3 4 5 |  5.9
Earth Magic    | 1 2 3 4 5 |  5.9
Poison Magic   | 1 2 3 4 5 |  5.9
Armour         | 3 4 5 6 7 |  7.6
Fighting       | 5 6 7 8 |  8.5
Polearms       | 5 6 7 8 |  8.5
Dodging        | 5 6 7 8 |  8.5
Charms         | 6 7 8 |  8.1

Action                   |  1- 3 |  4- 6 |  7- 9 | 10-12 || total
-------------------------+-------+-------+-------+-------++-------
Melee: Spear             |    65 |       |       |       ||    65
       Bite              |     2 |     8 |    13 |    31 ||    54
       Trident           |     4 |   106 |    25 |       ||   135
       Glaive            |       |       |   157 |   166 ||   323
       Punch             |       |       |     1 |     3 ||     4
       Scimitar          |       |       |       |    17 ||    17
Throw: Tomahawk          |       |     2 |     5 |    10 ||    17
 Cast: Infusion          |     3 |       |       |       ||     3
       Song of Slaying   |     1 |     5 |     7 |     2 ||    15
       Shroud of Golubri |     1 |     1 |     7 |     9 ||    18
       Spectral Weapon   |     5 |    11 |    30 |    34 ||    80
       Regeneration      |       |     3 |       |     7 ||    10
       Mephitic Cloud    |       |       |     5 |     5 ||    10
       Conjure Flame     |       |       |     1 |     1 ||     2
       Blink             |       |       |       |     1 ||     1
       Apportation       |       |       |       |    28 ||    28
Invok: Slouch            |       |       |       |     1 ||     1
Evoke: Wand              |       |       |     6 |     2 ||     8
  Use: Scroll            |       |       |     9 |     8 ||    17
       Potion            |       |       |     1 |     1 ||     2
 Stab: Sleeping          |       |     1 |     3 |     3 ||     7
       Confused          |       |       |     3 |     9 ||    12
       Distracted        |       |       |       |     5 ||     5
  Eat: Ration            |       |       |     3 |     2 ||     5
       Chunk             |       |       |     1 |       ||     1
Armor: Leather armour    |    13 |    15 |     2 |       ||    30
       Swamp dragon scal |       |       |    32 |    24 ||    56
Dodge: Dodged            |    41 |    84 |   164 |   173 ||   462
Block: Other             |       |       |    17 |    20 ||    37
       Rpst.: Scimitar   |       |       |       |     9 ||     9

Table legend:
 A = Turns spent in this place as a percentage of turns spent in the entire game.
 B = Non-inter-level travel turns spent in this place as a percentage of non-inter-level travel turns spent in the entire game.
 C = Inter-level travel turns spent in this place as a percentage of turns spent in this place.
 D = Turns resting spent in this place as a percentage of non-inter-level travel turns spent in this place.
 E = Turns spent auto-exploring this place as a percentage of non-inter-level travel turns spent in this place.
 F = Non-inter-level travel turns spent in this place divided by the number of levels of this place that you've seen.
                   A       B       C       D       E      F
               +-------+-------+-------+-------+-------+----------------------
         Total | 100.0 | 100.0 |   3.0 |   0.0 |   0.0 | 162.8
       Dungeon |  70.5 |  70.3 |   3.4 |   0.0 |   0.0 | 217.4
        Temple |   1.5 |   0.9 |  43.8 |   0.0 |   0.0 |  27.0
          Lair |  16.9 |  17.5 |   0.0 |   0.0 |   0.0 | 135.0
        Shoals |   3.9 |   4.1 |   0.0 |   0.0 |   0.0 |  42.0
        Bailey |   7.1 |   7.3 |   0.0 |   0.0 |   0.0 | 227.0
               +-------+-------+-------+-------+-------+----------------------

Table legend:
 A = Kills in this place as a percentage of kills in entire the game.
 B = Kills by you in this place as a percentage of kills by you in the entire game.
 C = Kills by friends in this place as a percentage of kills by friends in the entire game.
 D = Other kills in this place as a percentage of other kills in the entire game.
 E = Experience gained in this place as a percentage of experience gained in the entire game.
 F = Experience gained in this place divided by the number of levels of this place that you have seen.
                   A       B       C       D       E      F
               +-------+-------+-------+-------+-------+----------------------
         Total | 100.0 | 100.0 | 100.0 | 100.0 | 100.0 | 1252.5
       Dungeon |  69.3 |  70.7 | 100.0 |  14.3 |  33.3 | 791.3
          Lair |  11.7 |  12.1 |   0.0 |   0.0 |  29.1 | 1732.8
        Shoals |   3.8 |   3.5 |   0.0 |  14.3 |  24.1 | 1908.3
        Bailey |  15.2 |  13.7 |   0.0 |  71.4 |  13.6 | 3229.0
               +-------+-------+-------+-------+-------+----------------------

Levels and vault maps discovered:
D:1:      lemuel_arrival_funnel, layout_loops_cross
D:2:      layout_loops_ring, led_sif_pool, lemuel_zombie_altar_yredelemnul,
          first_ration
D:3:      cheibrodos_fertilizer, layout_rooms, chequers_hall_statues_corner_a,
          uniq_terence, uniq_natasha
D:4:      layout_loops_cross, gammafunk_temple_overflow_statue,
          kennysheep_mini_moat, nicolae_ashenzari_panopticon, uniq_sigmund,
          uniq_edmund
D:5:      layout_rooms
D:6:      layout_basic, nicolae_gozag_seed_capital
D:7:      layout_rooms, minmay_temple_entry_waves, uniq_duvessa
D:8:      layout_loops_ring, david_lair_generic, enter_bailey_3,
          blue_anna_alchemist [blue_anna_fruit_fields, blue_anna_fruit_fields],
          uniq_harold
D:9:      layout_gridville, grunt_decor_one_mirror,
          minmay_guarded_unrand_staff_of_olgreb, uniq_erica
D:10:     minmay_distorted_concentric_squares, layout_irregular_city,
          hangedman_decor_diamond_cutter, uniq_maurice
Temple:   nicolae_temple_elliptical
Lair:1:   layout_chaotic_city, kennysheep_rathole, uniq_gastronok
Lair:2:   layout_gridlike, portal_ice_cave_entry_pillars_2, basic_altar
Lair:3:   layout_roguey, minmay_shoals_entry_centaurs, serial_bayou_shore_a,
          serial_bayou_shore_b
Lair:4:   layout_loops_ring, nicolae_spider_entry_tight_spaces
Shoals:1: layout_shoals
Shoals:2: layout_shoals, nicolae_shoals_loop_pool, uniq_roxanne
Shoals:3: layout_shoals, uniq_ilsuiw
Bailey:   bailey_polearm_5, bailey
